 Dungeon Crawl Stone Soup version 0.30-a0-793-g160f7cfddd (webtiles) character file.

Game seed: 3422785302700713219

62393 joebusybody the Spear-Bearer (level 14, -2/113 HPs)
             Began as a Demonspawn Gladiator on Feb 20, 2023.
             Was the Champion of Qazlal.
             Slain by a +5 trident of venom (5 damage)
             ... on level 2 of the Elven Halls.
             The game lasted 03:52:34 (14029 turns).

joebusybody the Spear-Bearer (DsGl)                Turns: 14029, Time: 03:52:34

Health: -2/113     AC: 43    Str: 20    XL:     14   Next: 64%
Magic:  14/14      EV:  8    Int:  9    God:    Qazlal [******]
Gold:   915        SH: 12    Dex: 15    Spells: 13/13 levels left

rFire   . . .      SeeInvis .    H - +5 trident (venom)
rCold   + . .      Faith    .    (no shield)
rNeg    . . .      Spirit   .    f - +7 plate armour of Spite {rElec rPois Stlth+}
rPois   +          Reflect  .    c - +2 helmet
rElec   +          Harm     .    T - +3 cloak "Iseusch" {rPois}
rCorr   .          Rampage  .    p - +1 pair of gloves
Will    +....                    (no boots) Stlth
                                 y - amulet of regeneration
HPRegen 1.18/turn                i - ring of fire
MPRegen 0.14/turn                K - ring of ice

@: protected from cold, repel missiles
A: icy blue scales 2, icemail 2, condensation shield, demonic magic 1
a: Renounce Religion, Upheaval, Elemental Force, Disaster Area


You were on level 2 of the Elven Halls.
You worshipped Qazlal.
Qazlal was exalted by your worship.
You visited 6 branches of the dungeon, and saw 22 of its levels.

You collected 1238 gold pieces.
You spent 323 gold pieces at shops.

Inventory:

Hand Weapons
 a - a +0 great sword of venom
 d - a +1 shortbow of freezing
 e - a +5 rapier of speed
 g - a +3 quarterstaff
 h - a +2 quarterstaff of chaos
 k - a +3 flail of protection
 l - the +5 spear of Okhint {protect, rElec rC+ rN+}
   (You found it on level 2 of the Dungeon)

   rC:        It protects you from cold.
   rElec:     It insulates you from electricity.
   rN:        It protects you from negative energy.
 n - a +2 short sword of electrocution
 t - a +1 glaive
 w - a +1 short sword of distortion
 x - a +1 war axe of electrocution
 B - a +0 trident of distortion
 E - a +3 falchion
 G - a +0 vampiric short sword
 H - a +5 trident of venom (weapon)
 I - a +3 whip of electrocution
 N - a +0 demon whip of venom
 P - a +3 dire flail of draining
 S - a +2 heavy hand axe
 V - a +5 dagger
Missiles
 r - 21 poisoned darts (quivered)
 D - 7 boomerangs
 F - 10 curare-tipped darts
 U - 2 boomerangs of dispersal
Armour
 c - a +2 helmet (worn)
 f - the +7 plate armour of Spite (worn) {rElec rPois Stlth+}
   (You acquired it on level 1 of the Dungeon)

   rElec:     It insulates you from electricity.
   rPois:     It protects you from poison.
   Stlth:     It makes you more stealthy.
 p - a +1 pair of gloves (worn)
 M - a scarf of harm
 T - the +3 cloak "Iseusch" (worn) {rPois}
   (You bought it in a shop on level 1 of the Orcish Mines)

   rPois:     It protects you from poison.
Jewellery
 b - an amulet of guardian spirit
 i - a ring of fire (left hand)
 u - a ring of wizardry
 y - an amulet of regeneration (around neck)
 A - a ring of flight
 K - a ring of ice (right hand)
 L - a ring of positive energy
Wands
 o - a wand of iceblast (6)
 z - a wand of charming (2)
 O - a wand of digging (1)
 R - a wand of polymorph (9)
Scrolls
 j - 2 scrolls of fear
 m - 3 scrolls of teleportation
 q - 3 scrolls of magic mapping
 s - a scroll of identify
 J - a scroll of immolation
 Q - 2 scrolls of amnesia
Potions
 v - 2 potions of flight


   Skills:
 + Level 11.0 Fighting
 + Level 2.2(9.8) Axes
 + Level 14.7(14.8) Polearms
 + Level 6.1 Throwing
 + Level 10.3 Armour
 + Level 5.3 Dodging
 + Level 3.7 Stealth
 + Level 9.4 Shields
 + Level 1.5 Evocations


You had 13 spell levels left.
You didn't know any spells.
Your spell library contained the following spells:

 Spells                   Type           Power      Damage    Failure   Level
 Apportation              Tloc           0%         N/A       100%        1
 Kiss of Death            Conj/Necr      0%         2d5       100%        1
 Necrotise                Necr           0%         1d4       100%        1
 Summon Small Mammal      Summ           0%         N/A       100%        1
 Lesser Beckoning         Tloc           0%         N/A       100%        2
 Confusing Touch          Hex            0%         N/A       100%        3
 Frozen Ramparts          Ice            0%         1d1       100%        3
 Gell's Gravitas          Tloc           0%         N/A       100%        3
 Ignite Poison            Fire/Tmut/Pois 0%         N/A       100%        3
 Kindle Blastsparks       Fire/Tloc/Air  0%         2d10      100%        3
 Teleport Other           Tloc           0%         N/A       100%        3
 Dispel Undead            Necr           0%         3d6       100%        4
 Ice Form                 Ice/Tmut       0%         N/A       100%        4
 Petrify                  Tmut/Erth      0%         N/A       100%        4
 Summon Ice Beast         Ice/Summ       0%         N/A       100%        4
 Freezing Cloud           Conj/Ice/Air   0%         6-21      100%        5
 Metabolic Englaciation   Hex/Ice        0%         N/A       100%        5
 Dispersal                Tloc           0%         N/A       100%        6
 Statue Form              Tmut/Erth      0%         N/A       100%        6
 Borgnjor's Revivificati  Necr           0%         N/A       100%        8
 Necromutation            Tmut/Necr      0%         N/A       100%        8
 Death's Door             Necr           0%         N/A       100%        9


Dungeon Overview and Level Annotations

Branches:
Dungeon (11/15)            Temple (1/1) D:4            Lair (5/5) D:8
 Shoals (0/4) Lair:2        Snake (1/4) Lair:2          Orc (2/2) D:10
    Elf (2/3) Orc:2
  Slime: Lair:4-5

Altars:
Ashenzari
Dithmenos
Gozag
Kikubaaqudgha
Makhleb
Nemelex Xobeh
Okawaru
Qazlal
Ru
Sif Muna
Uskayaw
Vehumet
Xom
Yredelemnul

Shops:
Orc:1 [   Orc:2 (

Annotations:
Snake:1 exclusion: ice statue
Elf:2 Roxanne, Saint Roka


Innate Abilities, Weirdness & Mutations

You are mostly covered in icy blue scales. (AC +3)
A meltable icy envelope protects you from harm. (AC +8)
A meltable shield of frost defends you. (SH +4)
Spells you cast may paralyse adjacent enemies.


Message History

You feel strangely unstable. Saint Roka hits you but does no damage.
You hit Saint Roka but do no damage.
Saint Roka looks as sick as possible!
Saint Roka is lightly wounded.
Saint Roka hits you with a +0 long sword!
* * * LOW HITPOINT WARNING * * *
You barely miss Saint Roka.
Saint Roka is lightly wounded.
An orc comes into view. It is wielding a +0 club.
You hit Saint Roka but do no damage.
Saint Roka looks as sick as possible!
Saint Roka is lightly wounded.
Saint Roka is engulfed in freezing vapours.
Saint Roka roars a battlecry!
The orc goes into a battle-frenzy!
You hit Saint Roka.
Saint Roka looks as sick as possible!
Saint Roka is moderately wounded.
Saint Roka is engulfed in freezing vapours.
Saint Roka calls down the wrath of Beogh upon you.
Beogh smites you!
* * * LOW HITPOINT WARNING * * *
You hit Saint Roka but do no damage.
Saint Roka looks as sick as possible!
Saint Roka is moderately wounded.
Your surroundings suddenly seem different.
A deep elf pyromancer, a +2 mace of protection, 2 deep elf knights and a +5 trident of venom come into view.
The deep elf pyromancer shouts!
The deep elf knight shouts!
You hear a shout! x4
The +5 trident of venom completely misses you.
The deep elf pyromancer casts a spell.
The deep elf pyromancer blinks!
Read: 3 scrolls of fear
Press: ? - help, Q - select action, (/) - cycle Dir - look around, f - activate Look: a deep elf knight, wielding a +0 long sword and wearing a +0 buckler (chance to affect: 64%)
As you read the scroll of fear, it crumbles to dust.
You assume a fearsome visage.
The deep elf pyromancer looks frightened!
The +2 mace of protection is unaffected.
The deep elf knight looks frightened!
The deep elf knight resists with almost no effort.
The +5 trident of venom is unaffected.
The +5 trident of venom hits you but does no damage.
The +5 trident of venom hits you.
You die...

# # ......#
#...... ..
...§..^#.......
##.
......e.....(..
# #
...............
#...........#
#.e..§....#
##.e.....##
#..☼(@....#
#...○.☼.....#
...............
...............
.##...##...##..
##.# #.## . ##
##


You could see 2 deep elf knights, a deep elf pyromancer (fleeing) and 2 dancing
weapons.

Vanquished Creatures
  A frost giant (shapeshifter) (Elf:1)
  An ettin (D:10)
  A deep elf high priest (Elf:1)
  2 catoblepae
  A hydra (Lair:4)
  A jorogumo (shapeshifter) (Elf:1)
  2 peacekeepers (Elf:1)
  2 two-headed ogres
  6 dancing weapons
  6 death yaks (Lair:1)
  An orc high priest (Elf:2)
  3 deep elf knights
  Sonja (Orc:1)
  Amaemon (Lair:1)
  8 deep elf archers
  4 deep elf zephyrmancers
  18 deep elf pyromancers
  2 orc knights (D:10)
  3 black mambas
  A torpor snail (Lair:5)
  An orange demon (Lair:1)
  5 cane toads
  5 rime drakes
  4 komodo dragons
  4 trolls
  4 polar bears
  2 hornets
  4 dream sheep (Lair:5)
  8 blink frogs
  A vampire (D:8)
  3 spriggans
  4 wyverns
  4 water elementals
  21 yaks
  2 basilisks
  2 steam dragons
  2 wargs
  An acid dragon (D:11)
  5 water moccasins
  Duvessa (D:6)
  6 ice beasts
  2 black bears
  16 orc warriors
  2 boggarts (Lair:4)
  A sky beast (D:6)
  5 ogres
  9 wolves
  3 phantoms
  4 centaurs
  3 kobold brigands
  3 earth elementals
  4 scorpions
  3 bullfrogs
  3 necrophages
  A gnoll sergeant (D:9)
  Dowan (D:6)
  11 killer bees
  3 howler monkeys
  2 electric eels (D:6)
  3 jellies
  7 orc priests
  Crazy Yiuf (D:7)
  A gnoll bouda (D:7)
  An iguana (D:6)
  4 hell rats (Lair:4)
  14 orc wizards
  7 gnolls
  7 adders
  A white imp (D:5)
  2 worms
  A dart slug (D:3)
  30 orcs
  5 bats
  2 endoplasms
  2 giant cockroaches
  8 goblins
  5 hobgoblins
  2 quokkas
  6 ball pythons
  2 frilled lizards
  14 kobolds
  4 rats
359 creatures vanquished.

Vanquished Creatures (collateral kills)
  3 centaurs (Lair:4)
3 creatures vanquished.

Vanquished Creatures (others)
  A deep elf zephyrmancer (Elf:1)
  A warg (Orc:2)
  An ogre (Orc:1)
  An orc (Orc:1)
  8 fungi
  18 plants
30 creatures vanquished.

Grand Total: 392 creatures vanquished

Notes
Turn   | Place    | Note
-------+----------+-------------------------------------------
     0 | D:1      | joebusybody the Demonspawn Gladiator began the quest for
                  | the Orb.
     0 | D:1      | Reached XP level 1. HP: 16/16 MP: 1/1
   201 | D:2      | Reached skill level 3 in Polearms
   201 | D:2      | Gained mutation: A meltable shield of frost defends you.
                  | (SH +4) [demonic ancestry]
   201 | D:2      | Reached XP level 2. HP: 21/22 MP: 2/2
   264 | D:1      | Found a faded altar of an unknown god.
   620 | D:1      | Identified a scroll of acquirement
   620 | D:1      | Acquired the +7 plate armour of Spite {rElec rPois Stlth+}
   830 | D:3      | Reached XP level 3. HP: 27/27 MP: 3/3
   970 | D:2      | Noticed a necrophage
   981 | D:2      | Killed a necrophage
   982 | D:2      | Reached skill level 4 in Polearms
   982 | D:2      | Reached XP level 4. HP: 33/34 MP: 2/4
  1130 | D:2      | Identified the +5 spear of Okhint {protect, rElec rC+ rN+}
  1425 | D:4      | Reached skill level 1 in Armour
  1425 | D:4      | Gained mutation: A meltable icy envelope protects you from
                  | harm. (AC +8) [demonic ancestry]
  1425 | D:4      | Reached XP level 5. HP: 39/39 MP: 5/5
  1449 | D:3      | Found an opulent altar of Gozag.
  1532 | D:5      | Entered Level 5 of the Dungeon
  1909 | D:3      | Found a hide-covered altar of Uskayaw.
  2130 | D:4      | Noticed a black bear
  2145 | D:4      | Killed a black bear
  2146 | D:4      | Reached skill level 5 in Polearms
  2146 | D:4      | Reached XP level 6. HP: 40/46 MP: 3/6
  2425 | D:4      | Found a staircase to the Ecumenical Temple.
  2456 | Temple   | Entered the Ecumenical Temple
  2523 | Temple   | Became a worshipper of Qazlal Stormbringer
  2929 | D:5      | Noticed an ice beast
  2940 | D:5      | Killed an ice beast
  2985 | D:5      | Reached skill level 1 in Shields
  2985 | D:5      | Reached XP level 7. HP: 52/52 MP: 7/7
  3006 | D:5      | Reached skill level 6 in Polearms
  4000 | D:7      | Gained mutation: A meltable icy envelope protects you from
                  | harm. (AC +8) [demonic ancestry]
  4000 | D:7      | Reached XP level 8. HP: 59/59 MP: 8/8
  4021 | D:7      | Reached skill level 1 in Stealth
  4106 | D:7      | Noticed Duvessa
  4128 | D:7      | Noticed Dowan
  4142 | D:6      | Reached skill level 7 in Polearms
  4151 | D:7      | Identified the +0 robe "Beahenit" {Dex+6 Archmagi}
  4160 | D:6      | Killed Duvessa
  4173 | D:6      | Killed Dowan
  4207 | D:6      | Found a shimmering blue altar of Sif Muna.
  4251 | D:6      | Reached * piety under Qazlal
  4303 | D:6      | Identified the +1 robe of Dyspraxia {rCorr}
  4347 | D:6      | Reached skill level 8 in Polearms
  4369 | D:6      | Gained mutation: You are partially covered in icy blue
                  | scales. (AC +2) [demonic ancestry]
  4369 | D:6      | Reached XP level 9. HP: 67/67 MP: 9/9
  4483 | D:6      | Reached skill level 5 in Fighting
  4634 | D:6      | Reached skill level 9 in Polearms
  5152 | D:7      | Reached skill level 5 in Armour
  5326 | D:7      | Found a runed translucent door.
  5327 | D:7      | Noticed Crazy Yiuf
  5334 | D:7      | Killed Crazy Yiuf
  5434 | D:10     | Entered Level 10 of the Dungeon
  5434 | D:10     | Noticed a troll
  5875 | D:8      | Reached ** piety under Qazlal
  5962 | D:8      | Gained mutation: You are mostly covered in icy blue scales.
                  | (AC +3) [demonic ancestry]
  5962 | D:8      | Reached XP level 10. HP: 67/77 MP: 10/10
  6106 | D:9      | Reached skill level 10 in Polearms
  6167 | D:9      | Identified the +0 ring mail of the Weaver {*Slow rF- rN+++
                  | Str+3 Int+6}
  6342 | D:8      | Found a staircase to the Lair.
  6349 | Lair:1   | Entered Level 1 of the Lair of Beasts
  6366 | Lair:1   | Noticed a cane toad
  6379 | Lair:1   | Killed a cane toad
  6478 | Lair:2   | Found a staircase to the Snake Pit.
  6527 | Lair:4   | Noticed a six-headed hydra
  6570 | Lair:4   | Noticed a cane toad
  6656 | Lair:4   | Found an opulent altar of Gozag.
  6692 | Lair:2   | Reached skill level 11 in Polearms
  6713 | Lair:2   | Reached skill level 5 in Shields
  6980 | Lair:2   | Found a staircase to the Shoals.
  6992 | Lair:2   | Reached XP level 11. HP: 83/84 MP: 11/11
  7041 | Lair:3   | Reached *** piety under Qazlal
  7362 | Lair:3   | Noticed a catoblepas
  7374 | Lair:3   | Killed a catoblepas
  7725 | Lair:3   | Reached skill level 12 in Polearms
  7725 | Lair:3   | Reached skill level 5 in Throwing
  7725 | Lair:3   | Gained mutation: Spells you cast may paralyse adjacent
                  | enemies. [demonic ancestry]
  7725 | Lair:3   | Reached XP level 12. HP: 92/92 MP: 12/12
  8029 | Lair:4   | Killed a six-headed hydra
  8035 | Lair:5   | Entered Level 5 of the Lair of Beasts
  8068 | Lair:5   | Noticed a boulder beetle
  8234 | Lair:4   | Reached skill level 1 in Evocations
  8267 | Lair:4   | Reached **** piety under Qazlal
  8364 | Lair:5   | Noticed a catoblepas
  8371 | Lair:5   | Killed a catoblepas
  8730 | Lair:5   | Noticed a seven-headed hydra
  8782 | Lair:5   | Reached XP level 13. HP: 96/99 MP: 13/13
  9101 | Snake:1  | Entered Level 1 of the Snake Pit
  9111 | Lair:2   | Reached skill level 13 in Polearms
  9853 | Lair:1   | Noticed Amaemon
  9873 | Lair:1   | Killed Amaemon
 10687 | D:9      | Reached skill level 5 in Dodging
 10800 | D:9      | Reached ***** piety under Qazlal
 11141 | D:10     | Found a staircase to the Orcish Mines.
 11151 | Orc:1    | Entered Level 1 of the Orcish Mines
 11151 | Orc:1    | Noticed Sonja
 11158 | Orc:1    | Killed Sonja
 11161 | Orc:1    | Noticed an ettin
 11189 | D:10     | Killed an ettin
 11546 | Orc:1    | Noticed Maurice
 11547 | Orc:1    | Maurice changed into Maurice the ice beast
 11547 | Orc:1    | Noticed Maurice
 11555 | Orc:1    | Killed Maurice the ice beast
 11629 | Orc:1    | Found Ited's Antique Armour Emporium.
 11638 | Orc:1    | Bought an ancient cloak for 323 gold pieces
 11638 | Orc:1    | Identified the +3 cloak "Iseusch" {rPois} (You bought it in
                  | a shop on level 1 of the Orcish Mines)
 11650 | Orc:2    | Entered Level 2 of the Orcish Mines
 11650 | Orc:2    | Found a staircase to the Elven Halls.
 11679 | Orc:2    | Found Ceim's Weapon Boutique.
 11764 | Elf:1    | Entered Level 1 of the Elven Halls
 12045 | Elf:1    | Reached skill level 14 in Polearms
 12110 | Elf:1    | Reached skill level 10 in Fighting
 12148 | Elf:1    | Reached XP level 14. HP: 37/110 MP: 14/14
 12322 | Elf:1    | an alligator changed into a quicksilver ooze
 12322 | Elf:1    | Noticed a quicksilver ooze (glowing shapeshifter)
 12323 | Elf:1    | a quicksilver ooze changed into a radroach
 12341 | Elf:1    | a fire dragon changed into a broodmother
 12341 | Elf:1    | Noticed a broodmother (glowing shapeshifter)
 12351 | Elf:1    | a broodmother changed into a jorogumo
 12937 | Elf:2    | Reached skill level 10 in Armour
 13007 | Elf:1    | an alligator snapping turtle changed into a frost giant
 13007 | Elf:1    | Noticed a frost giant (shapeshifter)
 13021 | Elf:1    | Killed a frost giant
 13493 | Elf:2    | Noticed Saint Roka
 13516 | Elf:2    | Reached ****** piety under Qazlal
 13991 | Elf:2    | Noticed Roxanne
 14027 | Elf:2    | HP: 2/113 [Saint Roka/divine providence (13)]
 14029 | Elf:2    | Slain by a +5 trident of venom

Illustrated notes

Levels and vault maps discovered:
D:1:      ncdulo_wetmaze, layout_rooms, hellmonk_ecumenical_altar_run_dry
D:2:      layout_loops_cross, nrook_campfire
D:3:      layout_basic, general_overflow_altar,
          mainiacjoe_overflow_cross_hatched, kennysheep_donut,
          kennysheep_another_room
D:4:      layout_cave_pools, minmay_temple_entry_wispy, grunt_ministairs_12
D:5:      layout_basic, serial_bayou, serial_bayou_lake_a, serial_bayou_pond_e,
          serial_bayou_pond_c, serial_bayou_lagoon_b, serial_bayou_shore_b
D:6:      layout_basic, kennysheep_mini_moat, kennysheep_generic_room_2
D:7:      layout_loops_ring, uniq_duvessa, uniq_crazy_yiuf_cottage
D:8:      layout_loops_ring, zin_treasury, dpeg_oklobed_lair, serial_glass,
          glass_columns_a, glass_columns_b, due_unseen_surprise,
          minmay_strange_pillars, minmay_strange_pillars, grunt_ministairs_5
D:9:      layout_roguey, nicolae_elyvilon_peaceful_grove
D:10:     layout_basic, grunt_temple_overflow_open
D:11:     layout_roguey, hangedman_parallel_progression
Temple:   nicolae_temple_superstar
Lair:1:   layout_cave_pods, grunt_megastairs_1, infiniplex_staircase_pool,
          uniq_amaemon
Lair:2:   layout_loops_ring, shoals_dummy_entry, dummy_snake_entry,
          bh_autumn_forest_stairs
Lair:3:   layout_regular_city
Lair:4:   layout_cave_pods, gauntlet_entry_generic, lemuel_centaur_altar
Lair:5:   minmay_lair_end_enchanted_forest, layout_regular_city, slime_entry_1,
          bobbens_dragon_lair_wall, grunt_megastairs_2, serial_bayou_shore_b,
          lemuel_fruit_tree
Snake:1:  layout_misc_corridors, serial_shops, shop, dpeg_stationary_puzzle
Orc:1:    layout_caves, serial_shops, nicolae_shop_hallway_plus,
          nicolae_shop_hallway_stairs, shop, nicolae_shop_behind_doors,
          uniq_maurice, uniq_sonja
Orc:2:    st_orc_elflike, layout_caves, serial_shops, nicolae_shop_waterfront
Elf:1:    minmay_elf_arrival_circle, layout_loops_ring,
          portal_desolation_entry_twin_temple, minivault_28
Elf:2:    elven_hall_of_blades_hangedman_alternative
          [infiniplex_blade_entry_pillars], layout_geoelf_octagon, uniq_roxanne,
          uniq_saint_roka

Skill      XL: |  1  2  3  4  5  6  7  8  9 10 11 12 13 14 |
---------------+-------------------------------------------+-----
Polearms       | 3 4 5 6 8 9 11 12 14 | 14.7
Dodging        | 3 4 5 |  5.3
Armour         | 1 2 3 4 5 6 7 8 9 10 | 10.3
Throwing       | 2 3 5 6 |  6.1
Fighting       | 3 4 6 7 8 10 11 | 11.0
Shields        | 1 2 3 5 7 8 9 |  9.4
Stealth        | 1 3 |  3.7
Axes           | 2 |  2.2
Evocations     | 1 |  1.5

Action                     |  1- 3 |  4- 6 |  7- 9 | 10-12 | 13-15 || total
---------------------------+-------+-------+-------+-------+-------++-------
  Melee: Trident           |    73 |     7 |       |   313 |   898 ||  1291
         Punch             |     1 |     1 |     4 |     8 |    11 ||    25
         Spear             |       |   116 |   440 |    71 |       ||   627
  Throw: Throwing net      |     4 |     2 |     1 |     1 |       ||     8
         Javelin           |       |     1 |       |       |       ||     1
         Dart              |       |       |       |    32 |    33 ||    65
  Evoke: Wand              |       |       |     2 |     5 |    14 ||    21
    Use: Scroll            |     6 |     4 |     5 |     4 |    13 ||    32
         Potion            |       |     3 |     1 |     5 |    13 ||    22
   Stab: Sleeping          |     1 |       |       |       |       ||     1
         Held in net/web   |       |       |     1 |       |       ||     1
         Petrified         |       |       |       |     4 |       ||     4
         Petrifying        |       |       |       |     1 |       ||     1
 Armour: Leather armour    |    10 |       |       |       |       ||    10
         Plate armour      |    23 |    63 |   195 |   397 |   456 ||  1134
  Dodge: Dodged            |    22 |    17 |    60 |   156 |   179 ||   434
         Repelled          |       |       |       |       |     8 ||     8
  Block: Other             |     8 |    17 |    63 |   206 |   264 ||   558

Table legend: (Time is in decaauts)
 A = Elapsed time spent in this place.
 B = Non-inter-level travel time spent in this place.
 C = Inter-level travel time spent in this place.
 D = Time resting spent in this place.
 E = Time spent auto-exploring this place.
 F = Levels seen in this place.
 G = Mean time per level.
                   A        B        C        D        E       F      G
               +--------+--------+--------+--------+--------+-----+--------+
         Total |  13723 |  10433 |   3290 |    713 |   6061 |  22 |  623.8 |
       Dungeon |   7303 |   5649 |   1654 |    211 |   3738 |  11 |  663.9 |
        Temple |     78 |      2 |     76 |      0 |      0 |   1 |   78.0 |
          Lair |   3885 |   3002 |    883 |    179 |   1942 |   5 |  777.0 |
     Snake Pit |      4 |      4 |      0 |      0 |      0 |   1 |    4.0 |
  Orcish Mines |    396 |    222 |    174 |      0 |      0 |   2 |  198.0 |
   Elven Halls |   2054 |   1552 |    502 |    323 |    380 |   2 | 1027.0 |
               +--------+--------+--------+--------+--------+-----+--------+

Top non-repeatable levels by time:
   Elf:1: 1639 daAuts
  Lair:4: 1160 daAuts
     D:6: 1112 daAuts
     D:5: 1099 daAuts
  Lair:3: 956 daAuts
  Lair:1: 867 daAuts
     D:8: 855 daAuts
     D:2: 763 daAuts
  Lair:2: 740 daAuts
     D:3: 688 daAuts
     D:7: 681 daAuts
     D:4: 649 daAuts
     D:9: 606 daAuts
     D:1: 554 daAuts
   Elf:2: 414 daAuts
